 Dungeon Crawl Stone Soup version 0.30-a0-881-g1ff12e1e11 (webtiles) character file.

Game seed: 15495817689235603070

7144 lesbiats the Grappler (level 10, -11/102 HPs)
             Began as a Troll Fighter on Mar 15, 2023.
             Was a Believer of Wu Jian.
             Mangled by a sun demon (15 damage)
             ... summoned by a kobold demonologist
             ... in a bailey.
             The game lasted 00:23:19 (6857 turns).

lesbiats the Grappler (Troll Fighter)               Turns: 6857, Time: 00:23:20

Health: -11/102    AC: 11    Str: 26    XL:     10   Next: 85%
Magic:  9/9        EV:  9    Int:  8    God:    Wu Jian [**....]
Gold:   535        SH:  9    Dex:  9    Spells: 9/9 levels left

rFire   . . .      SeeInvis .      - Unarmed
rCold   . . .      Faith    .    b - +0 kite shield
rNeg    . . .      Spirit   .    K - +0 robe {Will+}
rPois   +          Reflect  .    (helmet restricted)
rElec   .          Rampage  .    u - +2 cloak
rCorr   .                        (gloves unavailable)
Will    +....                    (boots unavailable)
Stlth   +                        x - amulet of regeneration
HPRegen 1.97/turn                v - +4 ring of protection
MPRegen 0.11/turn                P - ring of poison resistance

@: no status effects
A: large, unfitting armour, claws 3, regeneration 1, shaggy fur 1, tough skin 1
a: Renounce Religion, Wall Jump


You were in a bailey.
You worshipped Wu Jian.
Wu Jian was pleased with you.
You visited 2 branches of the dungeon, and saw 10 of its levels.
You also visited: Bailey.

You collected 535 gold pieces.

Inventory:

Missiles
 s - 10 poisoned darts
 t - 17 boomerangs (quivered)
 w - 6 atropa-tipped darts
Armour
 b - a +0 kite shield (worn)
 u - a +2 cloak (worn)
 E - a +2 robe of fire resistance
 K - a +0 robe of willpower (worn)
 O - +0 steam dragon scales
Jewellery
 v - a +4 ring of protection (left claw)
 x - an amulet of regeneration (around neck)
 y - a ring of positive energy
 I - an amulet of guardian spirit
 M - a ring of ice
 P - a ring of poison resistance (right claw)
Wands
 z - a wand of paralysis (12)
 A - a wand of flame (5)
 B - a wand of digging (7)
 N - a wand of mindburst (5)
Scrolls
 d - a scroll of vulnerability {unknown}
 h - a scroll of poison {unknown}
 i - a scroll of enchant weapon {unknown}
 j - a scroll of amnesia {unknown}
 l - 5 scrolls of teleportation
 m - a scroll of blinking {unknown}
 o - a scroll of fear {unknown}
 p - a scroll of torment {unknown}
 r - a scroll of brand weapon {unknown}
 D - a scroll of magic mapping {unknown}
 F - 2 scrolls of silence {unknown}
 G - a scroll of enchant armour {unknown}
 L - a scroll of identify
 Q - a scroll of acquirement
Potions
 a - a potion of ambrosia {unknown}
 c - a potion of might
 e - 6 potions of curing
 f - 3 potions of magic
 g - 3 potions of haste
 k - 3 potions of heal wounds {unknown}
 n - 2 potions of attraction
 q - a potion of flight {unknown}
 C - 2 potions of mutation
 H - a potion of degeneration {unknown}
 J - a potion of brilliance {unknown}


   Skills:
 + Level 7.1 Fighting
 + Level 5.1 Dodging
 + Level 7.8 Shields
 * Level 11.4 Unarmed Combat


You had 9 spell levels left.
You didn't know any spells.
Your spell library contained the following spells:

 Spells                   Type           Power      Damage    Failure   Level
 Apportation              Tloc           0%         N/A       65%         1
 Necrotise                Necr           0%         1d4       65%         1
 Summon Small Mammal      Summ           0%         N/A       65%         1
 Mephitic Cloud           Conj/Pois/Air  0%         N/A       95%         3
 Stone Arrow              Conj/Erth      0%         3d7       95%         3
 Animate Armour           Summ/Erth      0%         N/A       100%        4
 Lehudib's Crystal Spear  Conj/Erth      0%         10d2      100%        8


Dungeon Overview and Level Annotations

Branches:
Dungeon (9/15)             Temple (1/1) D:6          Bailey (1/1)
   Lair: D:8-11         Orc: D:9-12

Altars:
Cheibriados
Elyvilon
Fedhas
Gozag
Hepliaklqana
Okawaru
Ru
Trog
Uskayaw
Wu Jian
Xom
Yredelemnul
Zin

Shops:
D:4 (


Innate Abilities, Weirdness & Mutations

You are too large for most types of armour.
You have claws for hands.
Your natural rate of healing is unusually fast.
You are covered in fur. (AC +1)
You have tough skin. (AC +1)


Message History

You scratch the kobold demonologist.
The kobold demonologist is lightly wounded.
The kobold demonologist drinks a potion.
The kobold demonologist seems to grow stronger.
You closely miss the kobold demonologist.
The kobold demonologist is lightly wounded.
The kobold demonologist gestures wildly while chanting.
You scratch the kobold demonologist but do no damage.
The kobold demonologist is lightly wounded.
The kobold demonologist closely misses you.
The sun demon hits you!
You are engulfed in flames!
You claw the kobold demonologist!
The kobold demonologist is heavily wounded.
You block the kobold demonologist's attack.
The sun demon closely misses you.
You closely miss the kobold demonologist.
The kobold demonologist is heavily wounded.
The kobold demonologist hits you with a +0 war axe.
The sun demon hits you!!
You are engulfed in flames!!
You closely miss the kobold demonologist.
The kobold demonologist is heavily wounded.
You block the sun demon's attack.
The kobold demonologist casts a cantrip, but nothing happens.
You barely miss the kobold demonologist.
The kobold demonologist is heavily wounded.
The sun demon hits you.
You are engulfed in flames!
* * * LOW HITPOINT WARNING * * *
You block the kobold demonologist's attack.
You spin and attack the kobold demonologist.
You barely miss the kobold demonologist.
The kobold demonologist is heavily wounded.
The kobold demonologist barely misses you.
There is an open door here.
You feel better. The sun demon hits you!
* * * LOW HITPOINT WARNING * * *
You are engulfed in flames!
* * * LOW HITPOINT WARNING * * *
The kobold demonologist completely misses you.
The sun demon hits you!
You die...

≈≈≈≈≈≈≈≈≈≈≈≈≈≈≈≈≈≈
≈≈≈≈≈≈≈≈≈≈≈≈≈≈≈≈≈ ≈≈≈≈
####~~~~~~~~~~~#### ≈≈≈≈≈
+........∩........+
≈≈≈≈≈≈###..######.######..###≈
≈≈≈≈≈≈#....#?..#...# [#....#≈
≈≈≈≈≈≈#....#K:.#...# #....#≈
≈≈≈≈≈≈#'#)##3###8.8# ##)#'#≈
≈≈≈≈≈≈~.#..#.@.#).)# #..#.~≈
≈≈≈≈≈≈~.#..###'#8)8# #..#.~≈
≈≈≈≈≈≈~.#..#...#...# #..#.~≈
≈≈≈≈≈≈~.#..#...#...# )#..#.~≈
≈≈≈≈≈≈~.#.)#'####'####+#..#.~≈
≈≈≈≈≈≈~.##)#...........#'##.~≈
≈≈≈≈≈≈~.#..#....._.....#))#.~≈
≈≈≈≈≈≈~.#.8#...........#8)#.~≈
≈≈≈≈≈≈~.#..#...........#..#.~≈


You could see a sun demon (summoned) and a kobold demonologist (strong).

Vanquished Creatures
  2 orc knights (Bailey)
  Pikel (D:5)
  An orc sorcerer (Bailey)
  A polar bear (D:8)
  Sigmund (D:5)
  A wyvern (D:8)
  An unseen horror simulacrum (D:8)
  2 yaks (D:8)
  2 steam dragons
  An acid dragon (D:7)
  2 water moccasins
  11 orc warriors
  4 ice beasts
  A sky beast (D:8)
  An ogre (D:5)
  2 centaurs
  2 lemures (D:4)
  A kobold brigand (D:6)
  6 bullfrogs
  A gnoll sergeant (D:8)
  3 scorpions (D:5)
  8 electric eels
  5 hounds
  3 gnoll boudas
  5 jellies
  6 orc priests
  Jessica (D:3)
  2 iguanas (D:5)
  A sleepcap (D:5)
  Ijyb (D:5)
  6 orc wizards
  Robin (D:3)
  18 gnolls
  8 adders
  A shadow imp (D:6)
  A howler monkey simulacrum (D:8)
  2 white imps (D:8)
  A worm (D:4)
  A dart slug (D:1)
  41 orcs
  10 ball pythons
  8 bats
  9 endoplasms
  5 giant cockroaches
  21 goblins
  10 hobgoblins
  2 jackals (D:2)
  2 quokkas
  3 frilled lizards (D:1)
  12 kobolds
  7 rats
248 creatures vanquished.

Vanquished Creatures (others)
  An orc (D:9)
1 creature vanquished.

Grand Total: 249 creatures vanquished

Notes
Turn   | Place    | Note
-------+----------+-------------------------------------------
     0 | D:1      | lesbiats the Troll Fighter began the quest for the Orb.
     0 | D:1      | Reached XP level 1. HP: 22/22 MP: 0/0
    90 | D:1      | Reached XP level 2. HP: 28/29 MP: 1/1
   362 | D:1      | Reached XP level 3. HP: 36/36 MP: 2/2
   673 | D:1      | Got the Spellbook of the Repulsive Tektite
   723 | D:2      | Reached skill level 3 in Unarmed Combat
  1385 | D:3      | Noticed Jessica
  1396 | D:3      | Killed Jessica
  1397 | D:3      | Reached XP level 4. HP: 34/45 MP: 3/3
  1654 | D:3      | Reached skill level 4 in Unarmed Combat
  1654 | D:3      | Reached XP level 5. HP: 32/53 MP: 4/4
  1831 | D:3      | Noticed Robin
  1844 | D:3      | Killed Robin
  2332 | D:4      | Reached XP level 6. HP: 34/61 MP: 5/5
  2523 | D:4      | Reached skill level 5 in Unarmed Combat
  2695 | D:4      | Found Ykla's Antique Weapon Boutique.
  2838 | D:5      | Entered Level 5 of the Dungeon
  2878 | D:5      | Reached XP level 7. HP: 68/68 MP: 6/6
  2958 | D:5      | Noticed Pikel
  3154 | D:5      | Reached skill level 6 in Unarmed Combat
  3257 | D:5      | Killed Pikel
  3258 | D:5      | Reached skill level 5 in Shields
  3258 | D:5      | Reached skill level 7 in Unarmed Combat
  3258 | D:5      | Reached XP level 8. HP: 74/79 MP: 7/7
  3384 | D:5      | Noticed Ijyb
  3392 | D:5      | Killed Ijyb
  3431 | D:5      | Noticed Sigmund
  3446 | D:5      | Killed Sigmund
  3447 | D:5      | Reached skill level 5 in Fighting
  3569 | D:5      | Reached skill level 8 in Unarmed Combat
  3737 | D:5      | Found a hide-covered altar of Uskayaw.
  4206 | D:6      | Found an iron altar of Okawaru.
  4496 | D:6      | Reached XP level 9. HP: 43/88 MP: 8/8
  4613 | D:6      | Found a staircase to the Ecumenical Temple.
  4623 | Temple   | Entered the Ecumenical Temple
  4630 | Temple   | Became a worshipper of the Wu Jian Council
  4875 | D:7      | Found an opulent altar of Gozag.
  4876 | D:7      | Found a glowing silver altar of Zin.
  4945 | D:7      | Reached skill level 9 in Unarmed Combat
  5546 | D:8      | Reached * piety under Wu Jian
  5690 | D:8      | Reached skill level 10 in Unarmed Combat
  5952 | D:8      | Reached XP level 10. HP: 100/100 MP: 9/9
  6371 | D:9      | Found a flagged portal.
  6389 | Bailey   | Entered a bailey
  6500 | Bailey   | Noticed an orc knight
  6510 | Bailey   | Killed an orc knight
  6516 | Bailey   | Reached ** piety under Wu Jian
  6566 | Bailey   | Noticed an orc knight
  6574 | Bailey   | Killed an orc knight
  6575 | Bailey   | Reached skill level 11 in Unarmed Combat
  6801 | Bailey   | Found an iron altar of Okawaru.
  6802 | Bailey   | Noticed an orc sorcerer
  6810 | Bailey   | Noticed a sixfirhy
  6815 | Bailey   | Killed an orc sorcerer
  6816 | Bailey   | Reached skill level 5 in Dodging
  6850 | Bailey   | Noticed a sun demon
  6856 | Bailey   | HP: 2/102 [sun demon[a kobold demonologist] (17)]
  6857 | Bailey   | Mangled by a sun demon

Illustrated notes

Levels and vault maps discovered:
D:1:      heliophobic_arrival_ceremonial_halls, layout_loops_ring
D:2:      layout_loops_ring
D:3:      layout_loops_cross, uniq_jessica, uniq_robin
D:4:      layout_rooms, serial_corexii_hall, chequers_hall_statues_wall_a,
          corexii_hall_statues_i, serial_shops, nicolae_stop_n_shop_1
D:5:      layout_layer_cave, nicolae_uskayaw_suspiria, serial_park_tiny_1,
          minmay_splitting_lines, lemuel_flamethrower_2, uniq_sigmund,
          uniq_pikel, uniq_ijyb
D:6:      layout_gridville, okawaru_ov_weapons_minmay,
          minmay_temple_entry_butterflies
D:7:      layout_rooms, grunt_temple_overflow_gold_and_silver,
          minmay_misc_feat_five
D:8:      layout_basic, serial_ice, serial_ice_f, serial_ice_m, serial_ice_a,
          serial_ice_h
D:9:      layout_rooms, due_lair_maze_entry_diamond, enter_bailey_4,
          grunt_ministairs_2, kb_rosetta, uniq_erolcha
Temple:   nicolae_temple_ecumenical_triangle
Bailey:   bailey_axe_of_yendor_kennysheep, bailey

Skill      XL: |  1  2  3  4  5  6  7  8  9 10 |
---------------+-------------------------------+-----
Shields        | 3 4 5 6 7 |  7.8
Unarmed Combat | 3 4 5 7 8 10 11 | 11.4
Fighting       | 3 4 5 6 7 |  7.1
Dodging        | 3 5 |  5.1

Action                     |  1- 3 |  4- 6 |  7- 9 | 10-12 || total
---------------------------+-------+-------+-------+-------++-------
  Melee: Unarmed           |   115 |   244 |   296 |   152 ||   807
  Throw: Boomerang         |       |     8 |    13 |     8 ||    29
Ability: Lunge             |       |       |    10 |    11 ||    21
         Whirlwind         |       |       |     2 |    15 ||    17
  Evoke: Wand              |       |       |     1 |    10 ||    11
    Use: Scroll            |       |     1 |     6 |       ||     7
         Potion            |       |       |       |     2 ||     2
 Armour: Robe              |    45 |   100 |   122 |    33 ||   300
  Dodge: Dodged            |    36 |    67 |    72 |    40 ||   215
  Block: Kite shield       |    45 |    81 |   124 |    53 ||   303

Table legend: (Time is in decaauts)
 A = Elapsed time spent in this place.
 B = Non-inter-level travel time spent in this place.
 C = Inter-level travel time spent in this place.
 D = Time resting spent in this place.
 E = Time spent auto-exploring this place.
 F = Levels seen in this place.
 G = Mean time per level.
                   A        B        C        D        E       F      G
               +--------+--------+--------+--------+--------+-----+--------+
         Total |   6879 |   6480 |    399 |    467 |   3777 |  11 |  625.4 |
       Dungeon |   6401 |   6014 |    387 |    425 |   3749 |   9 |  711.2 |
        Temple |     14 |      2 |     12 |      0 |      0 |   1 |   14.0 |
        Bailey |    462 |    462 |      0 |     42 |     28 |   1 |  462.0 |
               +--------+--------+--------+--------+--------+-----+--------+

Top non-repeatable levels by time:
     D:5: 1324 daAuts
     D:8: 1034 daAuts
     D:3: 927 daAuts
     D:1: 716 daAuts
     D:4: 694 daAuts
     D:2: 657 daAuts
     D:6: 520 daAuts
  Bailey: 462 daAuts
     D:7: 458 daAuts
     D:9: 69 daAuts
  Temple: 14 daAuts
